 Dungeon Crawl Stone Soup version 0.19.1 (webtiles) character file.

6968 galech the Cleaver (level 10, -1/91 HPs)
             Began as a Deep Dwarf Fighter on Dec 10, 2016.
             Was a Follower of Elyvilon.
             Slain by a death yak (21 damage)
             ... on level 8 of the Dungeon on Dec 11, 2016.
             The game lasted 00:52:07 (8198 turns).

galech the Cleaver (Deep Dwarf Fighter)             Turns: 8198, Time: 00:52:08

Health: -1/91      AC: 12    Str: 23    XL:     10   Next: 81%
Magic:  4/4        EV: 11    Int: 12    God:    Elyvilon [*.....]
Gold:   476        SH: 13    Dex: 12    Spells: 0 memorised, 9 levels left

rFire  + + .     SeeInvis .     S - +2 hand axe
rCold  . . .     Gourm    .     I - +0 scale mail {rF+}
rNeg   . . .     Faith    +     c - +1 shield
rPois  .         Spirit   .     L - +0 helmet
rElec  .         Reflect  .     M - +0 cloak
rCorr  .         Harm     .     V - +0 pair of gloves
MR     +....                    (no boots)
Stlth  ..........               b - amulet of faith
                                Q - ring of ice
                                X - ring "Lesau" {+Fly rF++ rC- Int+3}

@: non-regenerating
A: damage resistance, recharge devices, sense surroundings 2, slow regeneration
3
a: Device Recharging, Lesser Healing, Divine Protection, Renounce Religion,
Evoke Flight


You were on level 8 of the Dungeon.
You worshipped Elyvilon.
Elyvilon was aware of your devotion.
You were not hungry.

You visited 3 branches of the dungeon, and saw 11 of its levels.
You also visited: Bailey.

You collected 476 gold pieces.

Inventory:

Hand Weapons
 f - a +0 arbalest
 S - a +2 hand axe (weapon)
Missiles
 i - 46 bolts
Armour
 c - a +1 shield (worn)
 G - a +0 leather armour of poison resistance
 I - a +0 scale mail of fire resistance (worn)
 L - a +0 helmet (worn)
 M - a +0 cloak (worn)
 V - a +0 pair of gloves (worn)
Jewellery
 b - an amulet of faith (around neck)
 k - an uncursed ring of see invisible
 Q - a ring of ice (right hand)
 X - the ring "Lesau" (left hand) {+Fly rF++ rC- Int+3}
   (You found it in a bailey)

   [ring of flight]

   It affects your intelligence (+3).
   It greatly protects you from fire.
   It makes you vulnerable to cold.
   It lets you fly.
Wands
 e - a wand of heal wounds (0/9)
 s - a wand of lightning (13/15)
 u - a wand of flame (21/48)
 w - a wand of paralysis (13/24)
 x - a wand of disintegration (11/24)
 y - a wand of acid (10/15)
 C - a wand of polymorph (9/24)
 E - a wand of lightning (4/15)
 N - a wand of paralysis (11/24)
 O - a wand of confusion (13/48)
 W - a wand of hasting (6/9)
Scrolls
 g - 2 scrolls of random uselessness
 h - a scroll of immolation
 l - 6 scrolls of enchant armour
 q - 3 scrolls of teleportation
 t - 2 scrolls of remove curse
 B - 4 scrolls of fog {unknown}
 H - a scroll of noise
 Y - 3 scrolls of enchant weapon {unknown}
Potions
 a - a potion of berserk rage {unknown}
 d - a potion of might
 j - 2 potions of resistance {unknown}
 m - a potion of agility
 n - a potion of degeneration {unknown}
 o - 2 potions of flight
 v - a potion of beneficial mutation {unknown}
 z - 2 potions of lignification {unknown}
 A - 2 potions of curing {unknown}
 J - 2 potions of ambrosia {unknown}
 K - a potion of heal wounds {unknown}
 P - 2 potions of cancellation {unknown}
Books
 r - a book of Callings

   Spells                             Type                      Level
   a - Summon Small Mammal            Summoning                    1
   b - Call Imp                       Summoning                    2
   c - Call Canine Familiar           Summoning                    3
   d - Summon Guardian Golem          Hexes/Summoning              3
   e - Summon Lightning Spire         Summoning/Air                4
   f - Summon Ice Beast               Ice/Summoning                4
 D - a book of Battle

   Spells                             Type                      Level
   a - Infusion                       Charms                       1
   b - Shroud of Golubria             Charms/Translocation         2
   c - Song of Slaying                Charms                       2
   d - Spectral Weapon                Hexes/Charms                 3
   e - Regeneration                   Charms/Necromancy            3
 R - a book of Minor Magic

   Spells                             Type                      Level
   a - Magic Dart                     Conjuration                  1
   b - Blink                          Translocation                2
   c - Call Imp                       Summoning                    2
   d - Repel Missiles                 Charms/Air                   2
   e - Slow                           Hexes                        2
   f - Conjure Flame                  Conjuration/Fire             3
   g - Mephitic Cloud                 Conjuration/Poison/Air       3
 T - a book of Burglary

   Spells                             Type                      Level
   a - Swiftness                      Charms/Air                   2
   b - Passwall                       Transmutation/Earth          2
   c - Passage of Golubria            Translocation                4
   d - Lee's Rapid Deconstruction     Earth                        5
   e - Darkness                       Hexes                        6
   f - Invisibility                   Hexes                        6
Miscellaneous
 p - a disc of storms
Comestibles
 F - a meat ration
 Z - 4 chunks of flesh


   Skills:
 + Level 6.0 Fighting
 + Level 11.1 Axes
 + Level 7.8 Armour
 + Level 4.8 Dodging
 + Level 1.0 Stealth
 + Level 9.0 Shields
 + Level 5.0 Invocations
 + Level 2.3 Evocations


You had 9 spell levels left.
You didn't know any spells.

Dungeon Overview and Level Annotations

Branches:
Dungeon (9/15)             Temple (1/1) D:7            Lair (0/6) D:9
    Orc (1/2) D:9

Altars:
Ashenzari
Cheibriados
Dithmenos
Elyvilon
Fedhas
Gozag
Hepliaklqana
Kikubaaqudgha
Makhleb
Nemelex Xobeh
Okawaru
Qazlal
Ru
Sif Muna
Trog
Uskayaw
Vehumet
Xom
Yredelemnul
Zin
The Shining One

Shops:
D:6 =


Innate Abilities, Weirdness & Mutations

You are resistant to damage.
You can recharge devices by infusing magical energy.
You passively map the area around you.
You do not regenerate.


Message History

You are too injured to fight recklessly!
You are too injured to fight recklessly!
You are too injured to fight recklessly!
You are too injured to fight recklessly!
You are too injured to fight recklessly!
You are too injured to fight recklessly!
The troll barely misses you. The troll closely misses you.
You block the troll's attack.
You climb upwards.
Welcome back to the Dungeon!
There is a staircase to the Orcish Mines here.
Number of times to repeat, then command key: You must enter the number of times for the command to repeat.
Unknown command.
You are healed.
You feel somewhat more hungry. You block the troll's attack.
The troll claws you but does no damage. The troll claws you!
* * * LOW HITPOINT WARNING * * *
You block the troll's attack. x2; The troll claws you but does no damage.
There is a stone staircase leading up here.
You climb upwards.
The death yak gores you!!
You die...

#..##..###..##......# #.#
#.###..# #..###.#.### #.# #.#
#.#####.# #.#.# #.#
#.######8######.#.#####.## #
#.##8_.._§§_8##.#........# ####
#..##≈..§.§§##..#######..# #...
#..##§≈§§§≈≈##)..........####..#
##..##≈§§≈≈##...#######.......##
##..##≈.≈##...@.# #........#
##..##'##.(.#Y.######.......(#
#........#.............(....#
#.###(##.###.................
#.# #..((# #.#...####........
##.######.# #...#.####....(...
#...#####.# #...#...##........
#.#..##...# #.#####[...<....(.
#....##.### #...#..<##........


You could see a death yak.

Vanquished Creatures
  The ghost of StormySan the Thaumaturge, a novice DEWz of Vehumet (Bailey)
  Pikel (D:8)
  An elephant (D:8)
  Maurice (D:8)
  Grinder (D:3)
  A water moccasin (D:8)
  13 orc warriors
  2 slaves (D:8)
  2 ice beasts (D:7)
  A sky beast (D:8)
  A phantom (D:8)
  5 ogres
  2 centaurs
  5 bullfrogs
  2 big kobolds (D:8)
  2 water moccasin skeletons
  5 scorpions
  18 wights
  A howler monkey (D:8)
  2 crimson imps
  5 hounds
  3 jellies
  A bullfrog skeleton (D:4)
  5 orc priests
  7 orc wizards
  2 centaur skeletons
  2 iguanas (D:9)
  8 worker ants
  A hound zombie (D:6)
  5 adders
  8 gnolls
  2 shadow imps
  2 oozes
  An adder zombie (D:8)
  2 adder skeletons
  3 worms
  3 dart slugs (D:1)
  4 leopard geckos
  32 orcs
  A ball python (D:2)
  4 giant cockroaches
  7 goblins
  5 hobgoblins
  9 jackals
  3 quokkas
  6 bats
  3 frilled lizards
  A jackal zombie (D:5)
  12 kobolds
  2 leopard gecko skeletons (D:4)
  A quokka skeleton (D:7)
  7 rats
224 creatures vanquished.

Vanquished Creatures (others)
  A slave (D:8)
  A wight (D:8)
2 creatures vanquished.

Grand Total: 226 creatures vanquished

Notes
Turn   | Place    | Note
-------+----------+-------------------------------------------
     0 | D:1      | galech the Deep Dwarf Fighter began the quest for the Orb.
     0 | D:1      | Reached XP level 1. HP: 20/20 MP: 1/1
   131 | D:1      | Reached XP level 2. HP: 22/27 MP: 2/2
   788 | D:2      | Reached XP level 3. HP: 27/34 MP: 3/3
  1014 | D:2      | Reached skill level 3 in Axes
  1177 | D:2      | Reached XP level 4. HP: 34/42 MP: 4/4
  1691 | D:3      | Reached skill level 4 in Axes
  1701 | D:3      | Noticed Grinder
  1712 | D:3      | Paralysed by Grinder for 7 turns
  1731 | D:3      | Paralysed by Grinder for 5 turns
  1738 | D:3      | Killed Grinder
  1738 | D:3      | Reached skill level 5 in Axes
  1738 | D:3      | Reached XP level 5. HP: 38/49 MP: 5/5
  1738 | D:3      | Reached XP level 6. HP: 44/56 MP: 6/6
  2043 | D:3      | Found a glowing silver altar of Zin.
  2331 | D:4      | Reached skill level 6 in Axes
  2331 | D:4      | Reached skill level 1 in Dodging
  2428 | D:4      | Found a sparkling altar of Nemelex Xobeh.
  2526 | D:4      | Reached XP level 7. HP: 45/63 MP: 6/6
  2856 | D:5      | Entered Level 5 of the Dungeon
  2946 | D:5      | Reached skill level 5 in Armour
  3200 | D:5      | Reached skill level 7 in Axes
  3311 | D:6      | Found Xuacs's Jewellery Shop.
  3451 | D:6      | Found a shattered altar of Ashenzari.
  3749 | D:6      | Reached skill level 5 in Shields
  3749 | D:6      | Reached XP level 8. HP: 54/72 MP: 7/7
  3919 | D:7      | Reached skill level 8 in Axes
  3954 | D:7      | Found a staircase to the Ecumenical Temple.
  4185 | D:7      | Reached skill level 1 in Evocations
  4330 | Temple   | Entered the Ecumenical Temple
  4479 | Temple   | Became a worshipper of Elyvilon the Healer
  4773 | D:7      | Reached skill level 9 in Axes
  4947 | D:7      | Found a radiant altar of Vehumet.
  4966 | D:7      | Reached skill level 1 in Stealth
  5026 | D:7      | Reached * piety under Elyvilon
  5157 | D:7      | Gained mutation: You passively map the area around you. [Deep Dwarf growth]
  5157 | D:7      | Reached XP level 9. HP: 50/79 MP: 8/8
  5386 | D:8      | Reached skill level 1 in Invocations
  5457 | D:8      | Reached skill level 10 in Axes
  5525 | D:8      | Found a shadowy altar of Dithmenos.
  5525 | D:8      | Found a glowing golden altar of the Shining One.
  5526 | D:8      | Found a sacrificial altar of Ru.
  5541 | D:8      | Noticed Maurice
  5813 | D:8      | Reached skill level 5 in Fighting
  5818 | D:8      | Found a shattered altar of Ashenzari.
  5852 | D:8      | Noticed Pikel
  5897 | D:8      | Killed Pikel
  6023 | D:8      | Reached XP level 10. HP: 45/88 MP: 5/9
  6041 | D:8      | Gained mutation: You are clumsy. (Dex -2) [mutagenic meat]
  6042 | D:8      | Gained mutation: You are frail. (-10% HP) [mutagenic meat]
  6164 | D:8      | Killed Maurice
  6674 | D:9      | Found a sparkling altar of Nemelex Xobeh.
  6674 | D:9      | Found an opulent altar of Gozag.
  6707 | D:9      | Found a flagged portal.
  6744 | Bailey   | Entered a bailey
  7086 | Bailey   | Noticed StormySan's ghost (novice DEWz)
  7194 | Bailey   | Killed StormySan's ghost
  7433 | Bailey   | Reached skill level 11 in Axes
  7452 | Bailey   | Found a roughly hewn altar of Beogh.
  7453 | Bailey   | Noticed an orc knight
  7807 | Bailey   | Got a clouded ivory ring
  7835 | D:9      | Identified the ring "Lesau" {+Fly rF++ rC- Int+3} (You found it in a bailey)
  7888 | D:9      | Noticed an elephant
  7890 | D:9      | Noticed a death yak
  7941 | D:8      | Killed an elephant
  7941 | D:8      | Reached skill level 5 in Invocations
  8068 | D:9      | Lost mutation: You are clumsy. (Dex -2) [potion of cure mutation]
  8068 | D:9      | Lost mutation: You are frail. (-10% HP) [potion of cure mutation]
  8111 | D:9      | Found a staircase to the Orcish Mines.
  8118 | D:9      | Found a staircase to the Lair.
  8121 | Orc:1    | Entered Level 1 of the Orcish Mines
  8198 | D:8      | Slain by a death yak

Skill      XL: |  1  2  3  4  5  6  7  8  9 10 |
---------------+-------------------------------+-----
Fighting       | 3 4 5 6 |  6.0
Axes           | 3 5 6 7 9 10 11 | 11.1
Armour         | 4 5 6 7 |  7.8
Shields        | 4 5 7 9 |  9.0
Dodging        | 1 2 3 4 |  4.8
Evocations     | 1 2 |  2.3
Stealth        | 1 |  1.0
Invocations    | 2 5 |  5.0

Action                   |  1- 3 |  4- 6 |  7- 9 | 10-12 || total
-------------------------+-------+-------+-------+-------++-------
Melee: War axe           |   100 |   136 |   392 |       ||   628
       Hand axe          |       |       |   262 |   481 ||   743
Invok: Lesser Healing    |       |       |    35 |    70 ||   105
 Abil: Device Recharging |       |     1 |     1 |     7 ||     9
Evoke: Wand              |     1 |     3 |    19 |    28 ||    51
  Use: Scroll            |       |     6 |     6 |     3 ||    15
       Potion            |       |       |       |     2 ||     2
  Eat: Chunk             |     1 |     4 |     8 |     6 ||    19
       Fruit             |       |       |     1 |       ||     1
       Bread ration      |       |       |     2 |     2 ||     4
       Meat ration       |       |       |       |     1 ||     1
       Beef jerky        |       |       |       |     1 ||     1
Armor: Scale mail        |    10 |       |   182 |   104 ||   296
       Plate armour      |    73 |    80 |    28 |       ||   181
Dodge: Dodged            |    23 |    15 |   181 |   152 ||   371
Block: Shield            |    49 |    79 |   321 |   305 ||   754
